AoeStats
← Tazabatan

Socotra

504143053Analyzed
2v2 RM · 27d ago on Sep 4, 2026· 55m 34s· 4 players
Game mode
Random Map
Map size
Tiny (2 player)
Population
200
Speed
Normal
Resources
Standard
Victory
Conquest
Starting age
Dark Age
Ending age
Imperial Age
RankedLock teamsTeams togetherTeam positionsShared explorationLock speedFull tech treeHidden civsTurbo modeCheats
Victory
Defeat
🇬🇧 Armenians · United Kingdom
1055
+36
🇨🇳 Teutons · China
1002
+32
🇨🇱 Britons · Chile
989
-14
🇨🇱 Mapuche · Chile
988
-14
康斯坦丁
5:21 Loom
9:14 Feudal Age
12:34 Fletching
32:39 Castle Age
32:43 Double-Bit Axe
32:39 Horse Collar
33:21 Bodkin Arrow
39:21 Stone Mining
41:03 Padded Archer Armor
41:49 Heavy Plow
41:40 Gold Mining
42:59 Ballistics
43:46 Bow Saw
44:40 Pikeman
45:44 Gambesons
46:00 Squires
45:46 Arson
48:43 Scale Mail Armor
50:57 Chain Mail Armor
54:59 Imperial Age
52:23 Elite Skirmisher
53:58 Leather Archer Armor
53:54 Forging
56:03 Wheelbarrow
56:50 Chemistry
56:33 Ring Archer Armor
Tazabatan
7:59 Loom
12:03 Feudal Age
12:35 Double-Bit Axe
12:44 Man-at-Arms
14:22 Scale Mail Armor
18:45 Fletching
22:08 Wheelbarrow
24:06 Castle Age
22:07 Horse Collar
22:19 Long Swordsman
24:08 Gold Mining
24:40 Forging
24:20 Arson
25:26 Wheelbarrow
25:52 Gambesons
26:09 Squires
27:07 Bow Saw
27:45 Chain Mail Armor
28:03 Two-Handed Swordsman
33:14 Iron Casting
33:55 Elite Skirmisher
35:54 Stone Mining
37:03 Town Watch
38:08 Ballistics
38:14 Hand Cart
40:06 Bodkin Arrow
40:13 Padded Archer Armor
45:16 Imperial Age
43:09 Champion
44:26 Leather Archer Armor
46:09 Fereters
46:26 Cilician Fleet
47:20 Plate Mail Armor
46:51 Bracer
48:15 Conscription
48:16 Caravan
48:24 Heavy Plow
50:25 Elite Composite Bowman
53:30 Chemistry
52:43 Guilds
54:24 Ring Archer Armor
gustavo
5:38 Loom
11:17 Feudal Age
12:02 Double-Bit Axe
12:49 Fletching
14:13 Horse Collar
36:16 Castle Age
37:45 Gold Mining
39:37 Gold Shaft Mining
40:09 Heavy Plow
42:25 Wheelbarrow
42:43 Bow Saw
43:56 Crossbowman
46:00 Hand Cart
49:06 Bodkin Arrow
49:12 Padded Archer Armor
50:04 Ballistics
54:27 Imperial Age
53:18 Leather Archer Armor
55:35 Bracer
matimora2003
9:51 Loom
12:30 Feudal Age
14:01 Wheelbarrow
14:06 Double-Bit Axe
14:38 Gold Mining
24:11 Castle Age
23:26 Horse Collar
25:14 Fletching
30:07 Ballistics
30:42 Bodkin Arrow
33:19 Bow Saw
33:09 Heavy Plow
35:46 Heavy Plow
37:24 Gold Shaft Mining
40:14 Imperial Age
39:02 Forging
45:55 Siege Engineers
52:57 Crop Rotation
52:59 Champi Runner
54:58 Scale Mail Armor
55:08 Champi Warrior
Connection lost

Rejoining the realm…

Still unreachable

The connection could not be restored.

Session expired

The server has moved on; the page needs a fresh start.